Map: Dead of Night

Players

wasp

  • Race: Protoss Protoss

larsgj

  • Race: Terran Terran

VOD

Have the link to the VOD?

Description

Time

  • Played on: Oct. 24, 2018, 12:23 p.m.
  • Length: 35:18
Show
View Real Time Build Order
Export as new Build Order

wasp Protoss 

Build Orders:  

Get SALT Encoding   

  1  0:00  Probe x12 (Chrono Boost)  
    0:11  Unknown x2  
  12  0:28  Pylon  
  12  0:55  Pylon  
  12  1:05  Gateway  
  12  1:29  Gateway  
  12  1:45  Pylon  
  12  2:10  Assimilator  
  12  2:13  Zealot  
  14  2:40  Zealot  
  14  2:41  Zealot  
  18  2:59  Assimilator  
  18  3:15  Zealot x2  
  22  4:44  Zealot  
  22  4:45  Zealot x3  
  22  4:46  Zealot  
  32  6:37  Cybernetics Core  
  24  9:05  Stargate  
  12  10:13  Phoenix  
  12  10:14  Fleet Beacon  
  14  10:22  Zealot x2  
  14  10:23  Zealot x2  
  14  10:26  Zealot  
  12  12:04  Tempest  
  16  12:51  Tempest  
  20  14:17  Tempest  
  20  14:18  Tempest  
  28  15:39  Tempest  
  32  15:46  Phoenix  
  34  17:38  Tempest  
  36  19:50  Stargate  
  36  20:39  Pylon  
  36  20:48  Assimilator  
  36  21:07  Pylon  
  36  21:21  Pylon  
  36  21:29  Pylon  
  36  21:38  Pylon  
  36  21:50  Tempest x3  
  48  23:00  Pylon  
  48  23:22  Pylon  
  48  23:56  Pylon  
  48  24:12  Forge  
  48  24:15  Tempest  
  48  24:16  Tempest  
  56  25:19  Photon Cannon  
  56  25:26  Photon Cannon  
  56  25:30  Photon Cannon  
  56  25:34  Photon Cannon  
  56  25:37  Photon Cannon  
  56  25:40  Photon Cannon  
  56  25:46  Pylon  
  56  27:42  Tempest  
  56  27:44  Tempest  
  64  30:53  Tempest x2  
  64  30:54  Tempest  
  76  34:32  Tempest x3  
Show
View Real Time Build Order
Export as new Build Order

larsgj Terran 

Build Orders:  

Get SALT Encoding   

  1  0:00  Orbital Command, SCV x12  
    0:11  Unknown  
    0:15  SCV  
  13  0:35  Supply Depot  
  13  0:43  SCV  
  14  1:06  Barracks  
  14  1:27  SCV  
  15  1:39  Marine  
  15  1:41  Supply Depot  
  15  1:44  SCV  
  15  1:49  Marine  
  17  1:59  Marine  
  18  2:01  SCV, Supply Depot  
  18  2:09  Marine  
  20  2:18  SCV  
  22  2:26  Refinery  
  22  2:35  SCV  
  22  2:36  Barracks  
  23  2:44  Marine  
  24  2:54  Marine  
  24  2:56  SCV  
  26  3:04  Marine  
  26  3:06  Refinery  
  27  3:13  SCV  
  27  3:15  Marine  
  29  3:22  Refinery  
  29  3:57  Marine x2  
  28  4:07  Marine  
  28  4:08  Marine  
  30  4:18  Marine x2  
  32  4:22  Bunker  
  32  4:28  Marine x2  
  33  4:38  Marine x2  
  35  4:48  Marine x2  
  39  5:02  Bunker  
  39  5:12  Supply Depot  
  39  5:13  Marine x2, Supply Depot  
  39  5:17  Supply Depot  
  41  5:42  Engineering Bay  
  41  5:46  SCV  
  42  5:56  Bunker  
  42  6:03  SCV  
  43  6:20  SCV  
  44  6:37  SCV  
  45  6:54  SCV  
  45  6:58  Bunker  
  45  7:06  Marine x2  
  47  7:10  SCV  
  47  7:16  Terran Infantry Weapons Level 1, Marine x2  
  50  7:26  Marine  
  50  7:27  Marine, SCV  
  53  7:33  Bunker  
  53  7:37  Marine  
  54  8:13  Barracks Tech Lab x2  
  54  8:27  Factory  
  54  8:41  Orbital Command  
  54  9:34  Missile Turret  
  54  9:53  SCV  
  54  9:56  Terran Infantry Armor Level 1  
  55  10:03  Missile Turret  
  55  10:08  Starport  
  55  10:10  SCV  
  55  10:18  Starport  
  56  10:20  Starport  
  56  10:27  SCV  
  56  10:29  Armory  
  57  10:33  Missile Turret  
  57  10:36  Armory  
  57  10:44  SCV  
  58  10:51  Supply Depot  
  58  11:01  SCV  
  58  11:05  Missile Turret  
  59  11:18  SCV  
  59  11:19  Starport Tech Lab  
  60  11:20  Starport Tech Lab x2  
  60  11:35  SCV  
  61  11:41  Missile Turret  
  61  11:44  Terran Vehicle and Ship Weapons Level 1  
  61  11:46  Neosteel Frame, Terran Vehicle And Ship Armor Level 1  
  61  11:52  SCV  
  62  12:09  SCV  
  63  12:15  Bunker  
  63  12:26  SCV  
  64  12:42  SCV  
  64  12:49  Bunker  
  65  13:05  Fusion Core  
  65  13:24  Bunker  
  65  13:36  Structure Armor  
  65  13:59  Bunker  
  65  14:24  Advanced Optics  
  65  14:25  Marine x2  
  65  14:26  Afterburners  
  67  14:34  Weapon Refit  
  67  14:35  Marine  
  67  14:36  Marine  
  69  14:43  Bunker  
  69  14:46  Marine x2  
  69  14:47  Supply Depot  
  71  14:50  Supply Depot  
  71  14:51  Supply Depot  
  71  14:53  Supply Depot  
  71  14:54  Battlecruiser  
  71  14:55  Supply Depot  
  71  14:56  Marine x2  
  78  15:06  Marine x2  
  80  15:16  Missile Turret  
  80  15:28  Bunker  
  80  15:47  Battlecruiser  
  80  15:48  Missile Turret  
  86  15:58  Missile Turret  
  86  16:19  Missile Turret  
  86  16:36  Bunker  
  86  16:43  Battlecruiser x2  
  86  16:49  Missile Turret  
  98  17:00  Medic x2  
  98  17:09  Bunker  
  102  17:10  Medic x2  
  106  17:20  Medic x2  
  106  17:22  Terran Vehicle and Ship Weapons Level 2  
  106  17:26  Terran Vehicle And Ship Armor Level 2  
  110  17:40  Missile Turret  
  110  18:45  Terran Infantry Weapons Level 2  
  110  18:56  Medic x2, Supply Depot x2  
  110  18:57  Supply Depot  
  110  18:58  Supply Depot  
  114  19:01  Supply Depot x2  
  114  19:03  Supply Depot  
  114  19:04  Supply Depot  
  114  19:05  Supply Depot  
  114  19:06  Supply Depot  
  114  19:09  Supply Depot x2  
  114  19:12  Supply Depot  
  114  19:13  Battlecruiser x2  
  114  19:14  Battlecruiser  
  128  21:55  Terran Infantry Armor Level 2  
  128  22:40  Bunker  
  128  23:13  Bunker  
  128  23:19  Battlecruiser  
  128  23:20  Battlecruiser x2  
  146  23:46  Bunker  
  146  24:00  Bunker  
  146  24:02  Battlecruiser x2  
  146  24:03  Battlecruiser  
  164  24:19  Bunker  
  164  24:33  Bunker  
  164  24:53  Bunker  
  164  25:06  Bunker  
  164  25:30  Bunker  
  164  26:06  Bunker  
  164  26:12  Battlecruiser x3  
  182  26:39  Bunker  
  182  26:54  Battlecruiser  
  188  27:13  Bunker  
  188  28:28  Battlecruiser x2  
  188  28:36  Terran Vehicle and Ship Weapons Level 3  
  200  28:55  Terran Vehicle And Ship Armor Level 3  
Tags
 
Commander
ArtanisRaynor
Matchup
Co-op
Replay Pack
Multiplayer
Add a new tag
Caveats
  • Supply blocks, unpowered buildings, or Contaminate may cause inaccurate times.
  • Supply counts are checked every 10 seconds.